 Dungeon Crawl Stone Soup version 0.16.1-11-g651b585 (webtiles) character file.

227 wojtek the Slicer (level 6, 0/35 HPs)
             Began as a Kobold Assassin on Apr 1, 2015.
             Slain by a river rat (10 damage)
             ... in a sewer.
             The game lasted 00:06:05 (3441 turns).

wojtek the Slicer (Kobold Assassin)                 Turns: 3441, Time: 00:06:06

Health: 0/35       AC:  3    Str:  9    XL:     6   Next: 22%
Magic:  6/6        EV: 14    Int: 11    God:
Gold:   145        SH:  0    Dex: 18    Spells: 0 memorised, 5 levels left

rFire  . . .     SeeInvis .     A - +0 short sword (venom)
rCold  . . .     Clarity  .     c - +0 robe
rNeg   . . .     SustAb   .     (no shield)
rPois  .         Gourm    .     (no helmet)
rElec  .         Spirit   .     d - +0 cloak
rCorr  .         Warding  .     (no gloves)
rMut   .         Stasis   .     (no boots)
MR     .....                    l - amulet of inaccuracy (curse)
Stlth  ++........               (no ring)
                                j - ring of flight

@: lethally poisoned (0 -> -4), not resistant to hostile enchantments,
unstealthy
A: carnivore 3
a: Evoke Flight


You were in a sewer.
You were very full.

You visited 1 branch of the dungeon, and saw 3 of its levels.
You also visited: Sewer.

You collected 145 gold pieces.

Inventory:

Hand weapons
 a - a +1 dagger of venom
 b - a +0 blowgun
 m - a +2 dagger
 A - a +0 short sword of venom (weapon)
Missiles
 e - 6 poisoned needles
 f - 2 curare-tipped needles
Armour
 c - a +0 robe (worn)
 d - a +0 cloak (worn)
Rods
 D - a +0 rod of the swarm (14/14)
   (You found it in a sewer)
Jewellery
 j - a ring of flight (left hand)
 l - a cursed amulet of inaccuracy (around neck)
 p - an uncursed ring of positive energy {unknown}
 q - a +4 ring of evasion {unknown}
Scrolls
 h - 2 scrolls of blinking {unknown}
 n - 5 scrolls of identify {unknown}
 u - a scroll of random uselessness {unknown}
 w - a scroll of teleportation {unknown}
 y - a scroll of noise {unknown}
 B - 2 scrolls of magic mapping {unknown}
 C - 2 scrolls of recharging {unknown}
Potions
 k - 2 potions of magic {unknown}
 o - a potion of beneficial mutation {unknown}
 r - a potion of restore abilities {unknown}
 s - a potion of cancellation {unknown}
 t - a potion of brilliance {unknown}
 v - a potion of agility {unknown}
 z - a potion of might {unknown}
Comestibles
 g - a meat ration
 x - 4 chunks of flesh


   Skills:
 - Level 2.1 Fighting
 + Level 8.0 Short Blades
 - Level 2.6 Throwing
 - Level 1.2 Dodging
 - Level 5.3 Stealth


You had 5 spell levels left.
You didn't know any spells.

Dungeon Overview and Level Annotations

Branches:
Dungeon (3/15)

Altars:
Vehumet
Yredelemnul

Annotations:
D:3 Grinder


Innate Abilities, Weirdness & Mutations

You are small and have problems with some larger weapons.
You are carnivorous and can eat meat at any time.


Message History

The giant newt completely misses you.
Drink which item? (? for menu, Esc to quit)
You feel better. The adder bites you.
* * * LOW HITPOINT WARNING * * *
You are poisoned.
The adder poisons you! The river rat misses you.
The giant newt barely misses you. The adder bites you.
* * * LOW HITPOINT WARNING * * *
Drink which item? (? for menu, Esc to quit)
You feel better. The river rat barely misses you. The adder barely misses you.
The giant newt completely misses you.
You miss the adder. The river rat bites you. The adder barely misses you.
The giant newt bites you but does no damage.
You hit the adder.
The adder is lightly wounded.
The adder bites you.
* * * LOW HITPOINT WARNING * * *
You are poisoned.
The adder poisons you! The river rat bites you!
You die...

≈≈≈≈≈≈#
#≈≈≈≈≈≈#
≈≈≈≈≈≈#
#≈≈.≈≈≈#
≈≈≈≈≈≈#
#≈≈≈≈.≈#
≈≈≈≈≈≈#
#≈.(.≈.#
≈≈≈≈≈≈#
#≈≈.≈≈≈#
≈≈≈≈≈≈#
#≈÷≈≈≈≈#
≈≈≈≈≈≈#
#≈≈≈≈≈≈#
≈≈≈≈≈≈#
#≈≈≈≈≈≈#
≈≈≈≈≈≈#
#≈≈@r≈≈#
≈≈≈≈≈≈#
#≈≈Sl≈≈#
....≈≈#
#≈≈..≈.#
......#
#......#
.....##
##......#
.....#
#........
....##
##......
...##
##....
.### #


You could see an adder, a river rat and a giant newt.

Vanquished Creatures
  6 adders
  3 river rats
  3 gnolls (D:2)
  2 giant mites (D:3)
  4 worms
  3 bats
  6 giant cockroaches
  3 goblins
  8 hobgoblins
  4 ball pythons
  4 giant geckos
  5 giant newts
  11 kobolds
  37 rats
99 creatures vanquished.

Notes
Turn   | Place    | Note
--------------------------------------------------------------
     0 | D:1      | wojtek, the Kobold Assassin, began the quest for the Orb.
     0 | D:1      | Reached XP level 1. HP: 12/12 MP: 1/1
    51 | D:1      | You fall through a shaft!
   172 | D:2      | Reached XP level 2. HP: 17/17 MP: 2/2
  1058 | D:2      | Reached XP level 3. HP: 19/21 MP: 3/3
  1241 | D:2      | Found a radiant altar of Vehumet.
  1254 | D:2      | Reached skill level 5 in Short Blades
  1476 | D:2      | Reached XP level 4. HP: 26/26 MP: 4/4
  2034 | D:2      | Reached skill level 6 in Short Blades
  2238 | D:3      | Found a basalt altar of Yredelemnul.
  2329 | D:3      | Reached XP level 5. HP: 18/30 MP: 5/5
  2364 | D:3      | Noticed Grinder
  2364 | D:3      | Paralysed by Grinder for 4 turns
  2650 | D:3      | Reached skill level 7 in Short Blades
  2704 | D:3      | Found a glowing drain.
  2711 | Sewer    | Entered a sewer
  3199 | Sewer    | Reached XP level 6. HP: 32/35 MP: 6/6
  3383 | Sewer    | Reached skill level 8 in Short Blades
  3441 | Sewer    | Slain by a river rat

Action                   |  1- 3 |  4- 6 || total
-------------------------+-------+-------++-------
Melee: Dagger            |   109 |    23 ||   132
       Short sword       |       |   208 ||   208
 Fire: Blowgun           |     1 |     5 ||     6
  Use: Potion            |       |     3 ||     3
 Stab: Sleeping          |     4 |     8 ||    12
       Distracted        |       |     1 ||     1
  Eat: Chunk             |    10 |     6 ||    16
